 Dungeon Crawl Stone Soup version 0.18.1-50-g88ac8fd (webtiles) character file.

12851 Gargoyl the Protected (level 11, -2/86 HPs)
             Began as a Demonspawn Abyssal Knight on Sept 21, 2016.
             Was the Champion of Lugonu.
             Shot with an arrow by an archer statue (14 damage)
             ... on level 10 of the Dungeon.
             The game lasted 00:33:48 (17687 turns).

Gargoyl the Protected (Demonspawn Abyssal Knight)  Turns: 17687, Time: 00:33:48

Health: -2/86      AC: 19    Str: 14 (15) XL:     11   Next: 67%
Magic:  23/27      EV:  7    Int: 12 (13) God:    Lugonu [******]
Gold:   261        SH:  4    Dex: 14      Spells: 0 memorised, 10 levels left

rFire  . . .     SeeInvis .     e - +2 war axe (elec)
rCold  . . .     Gourm    .     p - +2 plate armour {rN+}
rNeg   + . .     Faith    .     w - +0 buckler
rPois  +         Spirit   .     (helmet restricted)
rElec  .         Dismiss  .     (no cloak)
rCorr  .         Reflect  .     (no gloves)
SustAt .         Harm     .     C - +1 pair of boots of the Black Moon {-Cast Slay+4}
MR     +....     Clarity  +     x - amulet of rage
Stlth  .......... NoCast   +    A - ring of magical power
                                u - ring of poison resistance

@: somewhat resistant to hostile enchantments, extremely unstealthy
A: horns 2, agile 1, blurry vision 1, clarity, deterioration 1, dopey 1, foul
stench 1, magic resistance 1, nightstalker 1, sense surroundings 1, screaming 1,
rot immunity, MP-powered wands, sturdy frame 1
a: Depart the Abyss, Bend Space, Banish, Corrupt, Enter the Abyss, Brand Weapon
With Distortion, Renounce Religion, Evoke Berserk Rage


You were on level 10 of the Dungeon.
You worshipped Lugonu.
Lugonu was exalted by your worship.
You were hungry.

You visited 2 branches of the dungeon, and saw 11 of its levels.
You visited the Abyss 1 time.
You also visited: Sewer.

You collected 550 gold pieces.
You spent 289 gold pieces at shops.

Inventory:

Hand Weapons
 b - a +1 war axe
 e - a +2 war axe of electrocution (weapon)
Missiles
 z - 11 tomahawks
 B - 7 javelins (quivered)
Armour
 p - a +2 plate armour of positive energy (worn)
 w - a +0 buckler (worn)
 C - the +1 pair of boots of the Black Moon (worn) {-Cast Slay+4}
   (You bought it in a shop on level 6 of the Dungeon)

   It affects your accuracy and damage with ranged weapons and melee attacks
   (+4).
   It prevents spellcasting.
Jewellery
 u - a ring of poison resistance (left hand)
 x - an amulet of rage (around neck)
 A - a ring of magical power (right hand)
Wands
 a - a wand of disintegration (8/24)
 g - a wand of random effects (24/48)
 o - a wand of flame (42/48)
 q - a wand of flame (34/48)
 t - a wand of acid (6/15)
 v - a wand of paralysis (8/24)
 E - a wand of lightning (2/15)
Scrolls
 d - a scroll of magic mapping
 i - 2 scrolls of fear
 j - 2 scrolls of teleportation
 k - 5 scrolls of identify
 n - 2 scrolls of amnesia
 y - 3 scrolls of remove curse
 D - a scroll of holy word {unknown}
Potions
 h - 3 potions of curing
 l - a potion of brilliance
 m - a potion of haste
Comestibles
 c - 11 bread rations
 f - 8 meat rations
 r - a slice of pizza
 s - 12 beef jerkies


   Skills:
 + Level 7.8 Fighting
 + Level 7.2 Axes
 + Level 0.5 Throwing
 * Level 11.8 Armour
 + Level 2.6 Dodging
 + Level 2.4 Shields
 * Level 10.4 Invocations
 + Level 0.8 Evocations


You had 10 spell levels left.
You didn't know any spells.

Dungeon Overview and Level Annotations

Branches:
Dungeon (10/15)            Temple (0/1) D:5            Lair (1/8) D:8
    Orc (0/2) D:9

Altars:
Fedhas
Gozag
Kikubaaqudgha
Nemelex Xobeh
Okawaru
Pakellas
Ru

Shops:
D:6 *%[?[

Annotations:
D:4 Blork the orc
D:10 exclusion: 2 statues, Kloppie's ghost, journeyman HOBe


Innate Abilities, Weirdness & Mutations

You have a pair of horns on your head.
You may emit foul miasma when damaged in melee.
You are slightly more attuned to the shadows.
You are immune to rotting.
Your movements are slightly less encumbered by armour (ER -2).
You are agile. (Dex +2)
Scrolls take you a little longer to read.
You possess an exceptional clarity of mind.
Your body sometimes deteriorates upon taking damage.
You are dopey. (Int -2)
You are resistant to hostile enchantments.
You passively map a small area around you.
You occasionally shout uncontrollably at your foes.
You expend magic power (3 MP) to strengthen your wands.


Message History

The bush is lightly damaged.
The archer statue shoots an arrow.
The arrow barely misses you.
The archer statue shoots an arrow.
The arrow hits you!
Press: ? - help, Shift-Dir - straight line, f - bush
Aim: a bush (lightly damaged, magic immune)
The bush is unaffected.
You feel somewhat more hungry.
The archer statue shoots an arrow.
The arrow hits you!!
Your body deteriorates!
You feel dopey.
The archer statue shoots an arrow.
The arrow hits you!
The archer statue shoots an arrow.
The arrow hits you!
* * * LOW HITPOINT WARNING * * *
Your body deteriorates!
You feel weakened.
The archer statue shoots an arrow.
The arrow hits you!
* * * LOW HITPOINT WARNING * * *
There is an open door, spattered with blood here.
You see here 3 arrows.
Kloppie's ghost turns its malevolent gaze towards you.
Really walk into a travel-excluded area?
The archer statue shoots an arrow.
The arrow hits you!
You die...

.......############....##.###.###
}......# #.......# #.### ##...###
#.......###.... #...#
#####(...<......... #...#
#...'.............. #####
#.###....#.####.###
####(###(.............
#......?.....#.###.###
#....@....W..'..##.#
#....#(#.....#..##.#
#..###(###...#..##.#
#..#.P.P.#..##...#.#
#..#8P.P8#.###.#.#.# #
##.#.P.P.#.# #.#...# #
#.###:###.###.##..###
#...###...#.........#
#.?.)).(..#.#...#>#.#


You could see an archer statue and Kloppie's ghost.

Vanquished Creatures
  3 hill giants (D:10)
  A spiny frog (Lair:1)
  A troll (D:8)
  A two-headed ogre (D:8)
  11 yaks
  2 hungry ghosts
  A hippogriff (D:10)
  Duvessa (D:6)
  A water moccasin (Lair:1)
  The ghost of Drunkenshrew the Charmwright, an amateur SpSk of Dithmenos (D:3)
  3 black bears
  A porcupine (Lair:1)
  2 sky beasts
  3 ice beasts
  4 orc warriors
  3 phantoms (D:7)
  A wasp (D:6)
  An eye of draining (D:8)
  4 ogres
  6 centaurs
  3 wolves (D:8)
  5 big kobolds
  2 gnoll sergeants
  7 giant frogs
  Dowan (D:6)
  3 scorpions
  2 wyvern skeletons
  18 killer bees
  22 wights
  A howler monkey (D:6)
  2 electric eels (D:8)
  2 giant frog zombies
  2 crimson imps (D:6)
  2 centaur zombies
  A quasit (D:9)
  2 centaur skeletons
  3 giant frog skeletons
  12 hounds
  9 orc priests
  2 jellies
  8 orc wizards
  3 iguanas
  10 worker ants
  A killer bee zombie (D:7)
  A hound skeleton (D:7)
  A howler monkey skeleton (D:3)
  10 gnolls
  2 river rats
  18 adders
  4 oozes
  An adder skeleton (D:4)
  4 worms
  2 dart slugs
  5 giant geckos
  35 orcs
  7 ball pythons
  5 giant cockroaches
  11 goblins
  8 hobgoblins
  16 jackals
  19 kobolds
  6 bats
  2 giant gecko skeletons
  7 giant newts
  A jackal skeleton (D:3)
  40 rats
379 creatures vanquished.

Vanquished Creatures (others)
  A hydra (D:7)
  2 electric eels (D:8)
  An iguana (D:7)
  2 fungi (Lair:1)
6 creatures vanquished.

Grand Total: 385 creatures vanquished

Notes
Turn   | Place    | Note
--------------------------------------------------------------
     0 | Abyss:1  | Gargoyl the Demonspawn Abyssal Knight began the quest for the Orb.
     0 | Abyss:1  | Reached XP level 1. HP: 18/18 MP: 2/2
    22 | Abyss:1  | Found a corrupted altar of Lugonu.
    71 | Abyss:1  | Noticed a small abomination
    77 | Abyss:2  | Noticed a small abomination
    97 | D:1      | Escaped the Abyss
   332 | D:1      | Reached skill level 2 in Armour
   411 | D:1      | Reached * piety under Lugonu
   506 | D:1      | Gained mutation: You are immune to rotting. [demonic ancestry]
   506 | D:1      | Reached XP level 2. HP: 20/24 MP: 3/3
  1002 | D:1      | Gained mutation: You are slightly more attuned to the shadows. [demonic ancestry]
  1002 | D:1      | Reached XP level 3. HP: 26/29 MP: 5/5
  1461 | D:2      | Reached ** piety under Lugonu
  1462 | D:2      | Reached skill level 1 in Dodging
  1484 | D:2      | Reached XP level 4. HP: 37/37 MP: 6/6
  1526 | D:2      | Reached skill level 3 in Armour
  1617 | D:2      | Reached *** piety under Lugonu
  1981 | D:3      | Gained mutation: You may emit foul miasma when damaged in melee. [demonic ancestry]
  1981 | D:3      | Reached XP level 5. HP: 16/42 MP: 7/7
  2159 | D:3      | Found a glowing drain.
  2185 | Sewer    | Entered a sewer
  2723 | Sewer    | Gained mutation: You have a pair of small horns on your head. [demonic ancestry]
  2723 | Sewer    | Reached XP level 6. HP: 46/49 MP: 8/8
  2943 | Sewer    | Reached skill level 4 in Armour
  3567 | Sewer    | Reached **** piety under Lugonu
  3994 | D:3      | Reached XP level 7. HP: 20/55 MP: 10/10
  4547 | D:3      | Noticed Drunkenshrew's ghost (amateur SpSk)
  4557 | D:3      | Killed Drunkenshrew's ghost
  4557 | D:3      | Reached skill level 5 in Armour
  4746 | D:3      | Found an ancient bone altar of Kikubaaqudgha.
  4746 | D:3      | Found an opulent altar of Gozag.
  5321 | D:4      | Noticed Blork the orc
  5405 | D:4      | Found a sparkling altar of Nemelex Xobeh.
  6172 | D:5      | Entered Level 5 of the Dungeon
  6313 | D:5      | Reached skill level 6 in Armour
  6313 | D:5      | Reached skill level 5 in Invocations
  6315 | D:5      | Reached XP level 8. HP: 25/61 MP: 11/11
  6695 | D:5      | Found a staircase to the Ecumenical Temple.
  6748 | D:5      | Reached skill level 5 in Fighting
  6793 | D:5      | HP: 2/62 [killer bee (5)]
  6795 | D:5      | Gained mutation: You possess an exceptional clarity of mind. [potion of mutation]
  6795 | D:5      | Gained mutation: You are dopey. (Int -2) [potion of mutation]
  6795 | D:5      | Gained mutation: You expend magic power (3 MP) to strengthen your wands. [potion of mutation]
  6979 | D:5      | Found a blossoming altar of Fedhas.
  7434 | D:5      | Found a sacrificial altar of Ru.
  7436 | D:5      | Found an iron altar of Okawaru.
  7483 | D:6      | Reached skill level 7 in Armour
  7486 | D:6      | Noticed Dowan
  7487 | D:6      | Noticed Duvessa
  7639 | D:6      | Reached ***** piety under Lugonu
  8193 | D:6      | Killed Duvessa
  8388 | D:6      | Killed Dowan
  8709 | D:6      | Found Kasheq's Armour Shoppe.
  8791 | D:6      | Reached skill level 8 in Armour
  8795 | D:6      | Gained mutation: Your movements are slightly less encumbered by armour (ER -2). [demonic ancestry]
  8795 | D:6      | Reached XP level 9. HP: 37/68 MP: 13/13
  9104 | D:6      | Found Onwoakk's Magic Scroll Shoppe.
 10472 | D:6      | Found Ripniati's Food Boutique.
 10610 | D:6      | Found Fowiock's Armour Shop.
 10632 | D:6      | Reached skill level 9 in Armour
 10636 | D:6      | Found Unedghiack's General Store.
 11035 | D:6      | Bought the +1 pair of boots of the Black Moon {-Cast Slay+4} for 289 gold pieces
 11467 | D:7      | Reached skill level 5 in Axes
 11589 | D:7      | Found an oddly glowing altar of Pakellas.
 11589 | D:7      | Noticed an orange crystal statue
 12017 | D:7      | Reached XP level 10. HP: 57/76 MP: 15/15
 12701 | D:7      | Reached skill level 10 in Armour
 12767 | D:7      | Reached skill level 1 in Shields
 13038 | D:8      | Noticed a four-headed hydra
 13094 | D:7      | Banished a four-headed hydra
 13690 | D:8      | Gained mutation: You occasionally shout uncontrollably at your foes. [potion of mutation]
 13690 | D:8      | Gained mutation: You are agile. (Dex +2) [potion of mutation]
 13690 | D:8      | Gained mutation: Your body sometimes deteriorates upon taking damage. [potion of mutation]
 13849 | D:8      | Reached ****** piety under Lugonu
 13982 | D:8      | Found a staircase to the Lair.
 14128 | Lair:1   | Entered Level 1 of the Lair of Beasts
 14794 | Lair:1   | Reached skill level 11 in Armour
 14803 | Lair:1   | Noticed a six-headed hydra
 14807 | Lair:1   | Banished a six-headed hydra
 14877 | Lair:1   | Noticed a spiny frog
 14885 | Lair:1   | Killed a spiny frog
 14885 | Lair:1   | Reached XP level 11. HP: 57/84 MP: 8/17
 15198 | D:8      | HP: 1/84 [orc priest/divine providence (12)]
 15203 | D:7      | HP: 2/126 [orc warrior/mace of protection (11)]
 16190 | D:9      | Found a staircase to the Orcish Mines.
 16601 | D:10     | Entered Level 10 of the Dungeon
 16745 | D:10     | Reached skill level 10 in Invocations
 16797 | D:10     | Noticed a hill giant
 16801 | D:10     | Killed a hill giant
 16947 | D:10     | Noticed a hill giant
 16954 | D:10     | Killed a hill giant
 17024 | D:10     | Noticed Kloppie's ghost (journeyman HOBe)
 17276 | D:10     | Gained mutation: You passively map a small area around you. [mutagenic meat]
 17277 | D:10     | Gained mutation: Scrolls take you a little longer to read. [mutagenic meat]
 17278 | D:10     | Gained mutation: You are resistant to hostile enchantments. [mutagenic meat]
 17279 | D:10     | Gained mutation: You have a pair of horns on your head. [mutagenic meat]
 17323 | D:10     | Noticed an archer statue
 17531 | D:10     | Noticed a hill giant
 17541 | D:10     | Killed a hill giant
 17680 | D:10     | Noticed an archer statue
 17687 | D:10     | Shot with an arrow by an archer statue

Skill      XL: |  1  2  3  4  5  6  7  8  9 10 11 |
---------------+----------------------------------+-----
Armour         | 2 3 4 6 8 9 11 | 11.8
Axes           | 2 3 4 5 6 7 |  7.2
Dodging        | 1 2 |  2.6
Invocations    | 3 4 5 6 7 9 10 | 10.4
Fighting       | 4 5 6 7 |  7.8
Shields        | 1 2 |  2.4
Throwing       | |  0.5
Evocations     | |  0.8

Action                   |  1- 3 |  4- 6 |  7- 9 | 10-12 || total
-------------------------+-------+-------+-------+-------++-------
Melee: Hand axe          |   123 |   307 |   331 |       ||   761
       Headbutt          |       |    23 |    84 |    83 ||   190
       War axe           |       |       |   297 |   458 ||   755
Throw: Javelin           |       |       |       |    10 ||    10
Invok: Depart the Abyss  |     1 |       |       |       ||     1
       Banish            |       |       |       |     9 ||     9
 Abil: Evoke Berserk Rag |       |       |       |     2 ||     2
Evoke: Wand              |       |       |     2 |       ||     2
  Use: Potion            |       |     4 |    10 |     5 ||    19
       Scroll            |       |     2 |    14 |     8 ||    24
 Stab: Distracted        |       |       |     1 |       ||     1
  Eat: Chunk             |     2 |     7 |    20 |    22 ||    51
       Pizza             |       |     1 |     1 |       ||     2
       Bread ration      |       |       |     2 |     1 ||     3
       Meat ration       |       |       |       |     1 ||     1
Armor: Chain mail        |   109 |   192 |       |       ||   301
       Plate armour      |       |       |   671 |   434 ||  1105
Dodge: Dodged            |    45 |   103 |   254 |   178 ||   580
Block: Buckler           |       |       |    19 |    81 ||   100
